 Dungeon Crawl Stone Soup version 0.27-a0-1140-g099f9bb0e8 (webtiles) character file.

Game seed: 11262225270261321400

406422 Froggeryz the Pyromancer (level 22, -23/181 HPs)
             Began as a Demonspawn Fire Elementalist on May 8, 2021.
             Was the Champion of Vehumet.
             Annihilated by a phantasmal warrior (45 damage)
             ... on level 5 of the Vaults on May 9, 2021.
             The game lasted 02:38:09 (51294 turns).

Froggeryz the Pyromancer (DsFE)                    Turns: 51294, Time: 02:38:09

Health: -23/181    AC: 10    Str: 13    XL:     22   Next: 38%
Magic:  5/37       EV: 24    Int: 35    God:    Vehumet [******]
Gold:   4938       SH: 12    Dex: 18    Spells: 6/39 levels left

rFire    + + .     SeeInvis +   a - staff of fire
rCold    + . .     Faith    .   X - +0 buckler
rNeg     . . .     Spirit   .   G - +2 robe {Will+}
rPois    +         Reflect  +   (helmet unavailable)
rElec    +         Harm     .   u - scarf {rC+ rF+}
rCorr    .         Rampage  .   D - +2 pair of gloves
Will     ++...                  y - +2 pair of boots
Stlth    ++........             J - amulet "Igovoc" {Reflect Regen+ Dex+4 SH+5}
HPRegen  1.40/turn              b - ring of magical power
MPRegen  0.25/turn              Q - ring of the Devil {rPois Int+9}

@: agile, about to teleport, very slightly contaminated, studying 2 skills
A: antennae 3, powered by pain 1, augmentation 2, big brain 3, demonic magic 3,
clumsy 1, low mp 2, robust 1, electricity resistance
}: 2/15 runes: barnacled, gossamer
a: Renounce Religion


You were on level 5 of the Vaults.
You worshipped Vehumet.
Vehumet was exalted by your worship.
You visited 7 branches of the dungeon, and saw 37 of its levels.
You visited the Abyss 1 time.
You also visited: Sewer, Ice Cave and Wizlab.

You collected 6905 gold pieces.
You spent 1967 gold pieces at shops.

Inventory:

Armour
 u - a scarf of resistance (worn)
 y - a +2 pair of boots (worn)
 D - a +2 pair of gloves (worn)
 G - a +2 robe of willpower (worn)
 H - a +2 cloak of willpower
 X - a +0 buckler (worn)
Magical Staves
 a - a staff of fire (weapon)
Jewellery
 b - a ring of magical power (left hand)
 e - a ring of protection from fire
 E - the ring "Zeusuan" {rElec rF+ rC- Str+2}
   (You found it in a wizard's laboratory)

   [ring of protection from fire]

   It affects your strength (+2).
   It protects you from fire.
   It makes you vulnerable to cold.
   It insulates you from electricity.
 J - the amulet "Igovoc" (around neck) {Reflect Regen+ Dex+4 SH+5}
   (You bought it in a shop on level 2 of the Shoals)

   [amulet of reflection]

   It reflects blocked missile attacks.
   It affects your dexterity (+4).
   It increases your rate of health regeneration.
   It affects your SH (+5).
 L - a ring of positive energy
 Q - the ring of the Devil (right hand) {rPois Int+9}
   (You found it in an ice cave)

   [ring of poison resistance]

   It affects your intelligence (+9).
   It protects you from poison.
 R - the ring "Lesihioz" {rElec rN+++ Dex+6 Slay-5 Stlth-}
   (You found it on level 4 of the Shoals)

   [ring of dexterity]

   It affects your dexterity (+6).
   It affects your accuracy and damage with ranged weapons and melee attacks
   (-5).
   It insulates you from electricity.
   It renders you almost immune to negative energy.
   It makes you less stealthy.
 S - the ring "Ywaredgh" {Ice Slay+5}
   (You found it in an ice cave)

   [ring of ice]

   It enhances your ice magic.
   It affects your accuracy and damage with ranged weapons and melee attacks
   (+5).
   It makes you vulnerable to fire.
   It protects you from cold.
Wands
 c - a wand of iceblast (35)
 i - a wand of flame (110)
 n - a wand of polymorph (43)
 r - a wand of mindburst (42)
 s - a wand of paralysis (57)
 x - a wand of acid (30)
 F - a wand of digging (5)
 U - a wand of charming (9)
Scrolls
 h - 3 scrolls of teleportation
 o - 6 scrolls of enchant weapon
 p - a scroll of holy word
 A - 2 scrolls of amnesia
 B - 5 scrolls of summoning
 C - 5 scrolls of magic mapping
 I - 5 scrolls of immolation
 N - 15 scrolls of identify
 O - 4 scrolls of silence
 P - 4 scrolls of enchant armour
 V - 3 scrolls of fog
 W - a scroll of fear
Potions
 d - 16 potions of mutation
 f - 7 potions of haste
 g - 21 potions of curing
 j - 4 potions of might
 l - 4 potions of flight
 m - 4 potions of brilliance
 q - 3 potions of berserk rage
 v - 5 potions of magic
 w - 14 potions of ambrosia
 M - 3 potions of invisibility
 Z - 3 potions of resistance
Miscellaneous
 Y - a phantom mirror


   Skills:
 - Level 12.0 Fighting
 - Level 8.0(8.2) Short Blades
 - Level 2.1(5.5) Long Blades
 - Level 14.2 Staves
 - Level 11.5 Dodging
 - Level 1.7 Stealth
 - Level 8.5 Shields
 - Level 9.0 Spellcasting
 - Level 12.0 Conjurations
 * Level 23.5 Fire Magic
 - Level 7.0 Ice Magic


You had 6 spell levels left.
You knew the following spells:

 Your Spells              Type           Power      Damage    Failure   Level
a - Fire Storm            Conj/Fire      59%        8d15      19%         9
b - Sticky Flame          Conj/Fire      100%       2d11      0%          4
c - Fireball              Conj/Fire      59%        3d23      1%          5
f - Ignition              Fire           67%        3d18      1%          8
g - Orb of Destruction    Conj           39%        9d13      2%          7

Your spell library contained the following spells:

 Spells                   Type           Power      Damage    Failure   Level
 Lehudib's Crystal Spear  Conj/Erth      27%        10d7      75%         8
 Absolute Zero            Ice            30%        ∞         100%        9
 Foxfire                  Conj/Fire      100%       2x1d9     0%          1
 Magic Dart               Conj           100%       1d8       0%          1
 Conjure Flame            Conj/Fire      100%       6-21      0%          3
 Beastly Appendage        Tmut           30%        N/A       1%          1
 Corona                   Hex            16%        N/A       1%          1
 Freeze                   Ice            100%       1d11      1%          1
 Sandblast                Erth           30%        2d9       1%          1
 Shock                    Conj/Air       100%       1d9       1%          1
 Sting                    Tmut/Pois      60%        1d6       1%          1
 Summon Small Mammal      Summ           60%        N/A       1%          1
 Call Imp                 Summ           15%        N/A       1%          2
 Ensorcelled Hibernation  Hex/Ice        80%        N/A       1%          2
 Passwall                 Tmut/Erth      12%        N/A       1%          2
 Poisonous Vapours        Pois/Air       30%        N/A       1%          2
 Searing Ray              Conj           100%       3d7       1%          2
 Wereblood                Tmut           15%        N/A       1%          2
 Dazzling Flash           Conj/Hex       100%       N/A       1%          3
 Frozen Ramparts          Ice            100%       1d12      1%          3
 Ignite Poison            Fire/Tmut/Pois 82%        N/A       1%          3
 Inner Flame              Hex/Fire       99%        N/A       1%          3
 Mephitic Cloud           Conj/Pois/Air  43%        N/A       1%          3
 Stone Arrow              Conj/Erth      100%       3d13      1%          3
 Fulminant Prism          Conj/Hex       27%        3d14      1%          4
 Iskenderun's Mystic Bla  Conj/Tloc      55%        2d12      1%          4
 Bolt of Magma            Conj/Fire/Erth 49%        4d20      1%          5
 Irradiate                Conj/Tmut      27%        3d22      1%          5
 Iskenderun's Battlesphe  Conj           79%        2d13      1%          5
 Starburst                Conj/Fire      59%        8x6d16    1%          6
 Ice Form                 Ice/Tmut       40%        N/A       2%          4
 Summon Ice Beast         Ice/Summ       40%        N/A       2%          4
 Call Canine Familiar     Summ           15%        N/A       3%          3
 Confusing Touch          Hex            15%        N/A       3%          3
 Spider Form              Tmut/Pois      7%         N/A       3%          3
 Summon Guardian Golem    Hex/Summ       15%        N/A       3%          3
 Tukima's Dance           Hex            15%        N/A       3%          3
 Olgreb's Toxic Radiance  Pois           15%        N/A       3%          4
 Iron Shot                Conj/Erth      27%        9d6       4%          6
 Dispel Undead            Necr           15%        3d10      11%         4
 Petrify                  Tmut/Erth      15%        N/A       11%         4
 Summon Lightning Spire   Summ/Air       15%        N/A       11%         4
 Agony                    Necr           15%        N/A       28%         5
 Alistair's Intoxication  Tmut/Pois      10%        N/A       28%         5
 Excruciating Wounds      Necr           7%         N/A       28%         5
 Hydra Form               Tmut           7%         N/A       28%         5
 Summon Forest            Summ/Tloc      7%         N/A       28%         5
 Summon Mana Viper        Hex/Summ       15%        N/A       28%         5
 Blade Hands              Tmut           7%         N/A       82%         6
 Shadow Creatures         Summ           N/A        N/A       82%         6
 Statue Form              Tmut/Erth      10%        N/A       82%         6
 Ozocubu's Refrigeration  Ice            30%        4d11      14%         7
 Spellforged Servitor     Conj/Summ      27%        N/A       21%         7
 Summon Hydra             Summ           7%         N/A       100%        7


Dungeon Overview and Level Annotations

Branches:
Dungeon (15/15)            Temple (1/1) D:5            Lair (6/6) D:11
 Shoals (4/4) Lair:2       Spider (4/4) Lair:3        Slime (0/5) Lair:5
    Orc (2/2) D:11            Elf (0/3) Orc:2        Vaults (5/5) D:14
  Crypt (0/3) Vaults:3     Depths (0/5) D:15          Sewer (visited)
  IceCv (visited)          WizLab (visited)

Altars:
Dithmenos
Elyvilon
Kikubaaqudgha
Makhleb
Nemelex Xobeh
Okawaru
Qazlal
Uskayaw
Vehumet
Wu Jian
Yredelemnul
Zin
Beogh

Shops:
D:4 =   D:9 [   D:10 *   D:11 !   Orc:2 ??[(   Shoals:2 =   Shoals:3 *

Annotations:
Shoals:1 Polyphemus
Spider:1 2 transporters, celly00's ghost, journeyman FeEn
Vaults:1 3 runed translucent doors, Plog's ghost, adept DDFi


Innate Abilities, Weirdness & Mutations

You have a pair of large antennae on your head. (SInv)
You sometimes gain a little power by taking damage.
Your magical and physical power is enhanced at high health.
You have an absolutely massive brain. (Int +6, Wiz)
Spells you cast and wands you use may paralyse nearby enemies.
You are clumsy. (Dex -2)
Your magical capacity is very low. (-20% MP)
You are robust. (+10% HP)
You are resistant to electric shocks. (rElec)


Message History

Unknown command.
The orb of destruction hits the fire giant!!!
You blow up the fire giant!
Vehumet accepts your kill.
You feel your power returning.
Unknown command.
Found a potion of might.
Casting: Orb of Destruction (dangerous; 2% risk of failure)
Confirm with . or Enter, or press ? or * to list all spells.
Aiming: Orb of Destruction (dangerous; 2% risk of failure)
Press: ? - help, Shift-Dir - straight line, f - phantasmal warrior
Aim: a phantasmal warrior (strong) Malevolent energies surge around you.
Unknown command.
The phantasmal warrior blinks!
Okay, then.
Okay, then.
Okay, then.
Casting: Orb of Destruction (dangerous; 2% risk of failure)
Confirm with . or Enter, or press ? or * to list all spells.
Aiming: Fire Storm (dangerous; 19% risk of failure)
Press: ? - help, Dir - move target, p - phantasmal warrior You feel a surge of power!
You miscast Fire Storm.
You are very lightly contaminated with residual magic.
Fire whirls out from your hands. You resist.
* * * LOW HITPOINT WARNING * * *
Your orb of destruction hits a heavily etched metal wall.
The ironbound convoker zaps a wand.
The mass of ice explodes!
The iceblast engulfs you. You partially resist.
* * * LOW HITPOINT WARNING * * *
Unknown command.
Unknown command.
Okay, then.
Okay, then.
Casting: Fire Storm (dangerous; 19% risk of failure)
Confirm with . or Enter, or press ? or * to list all spells.
You don't have enough magic to cast this spell.
As you read the scroll of teleportation, it crumbles to dust.
You feel strangely unstable. The phantasmal warrior hits you!!!
You die...

....# ... ...c#....(.
....#.c..[. ...p#.D....
.[[.#..... [[[[).....
c[[..)##################
pT<[))))................
<[.<))[....p....@.......
)<<))))..§°°°..W......!.
[...)[)).○..............
p[[[..##################
.[[..)[. ....#){).
....#.... ....#..... {{


You could see a phantasmal warrior (strong) and an ironbound convoker.

Vanquished Creatures
  A dread lich (Vaults:5)
  Boris (Vaults:3)
  Sojobo (Vaults:4)
  Xtahua (Vaults:4)
  A golden dragon (Vaults:3)
  A mutant beast (WizLab)
  Arachne (Spider:3)
  Rupert (Vaults:4)
  A tentacled monstrosity (Vaults:5)
  A titan (Vaults:5)
  2 krakens (Shoals:3)
  A tentacled starspawn (Abyss:2)
  5 storm dragons (Vaults:5)
  4 sphinxes
  6 tengu reavers
  4 shadow dragons (Vaults:5)
  A fire giant (Vaults:5)
  2 azure jellies (IceCv)
  A frost giant (shapeshifter) (Vaults:1)
  3 orc warlords
  2 draconian knights (Vaults:4)
  18 vault wardens
  Aizul (Spider:4)
  3 ghost moths (Spider:4)
  2 emperor scorpions (Spider:4)
  2 iron dragons (Vaults:5)
  19 very ugly things
  A quicksilver ooze (shapeshifter) (Vaults:5)
  21 ironbound preservers
  4 war gargoyles
  A quicksilver ooze (IceCv)
  4 stone giants (Vaults:5)
  A vampire knight (Vaults:4)
  A dire elephant (Vaults:1)
  A deep elf annihilator (Vaults:5)
  4 entropy weavers
  4 spark wasps
  Azrael (Orc:2)
  2 merfolk javelineers
  9 merfolk impalers
  6 ettins
  10 yaktaur captains
  6 ironbound thunderhulks
  2 deep elf death magi
  A crystal guardian (Vaults:4)
  A deep elf high priest (Vaults:5)
  35 vault guards
  A hydra (shapeshifter) (Vaults:5)
  The ghost of feta the Reanimator, a journeyman DDNe of Makhleb (D:11)
  2 great orbs of eyes
  7 hydras
  An ogre mage (Vaults:5)
  A peacekeeper (Vaults:4)
  6 boulder beetles
  2 merfolk avatars
  3 alligator snapping turtles
  9 centaur warriors
  Erica (D:9)
  A death knight (D:12)
  3 catoblepae
  A dancing weapon (D:14)
  7 merfolk aquamancers
  6 ironbound frosthearts
  4 satyrs
  7 two-headed ogres
  2 death yaks (Shoals:2)
  2 tengu warriors
  2 orc high priests (Orc:2)
  6 ironbound beastmasters
  An iron golem (WizLab)
  32 slime creatures
  A wretched star (Abyss:2)
  A deep troll (shapeshifter) (WizLab)
  22 sea snakes
  A glowing orange brain (Vaults:3)
  59 deep trolls
  5 lindwurms
  13 ironbound convokers
  10 large abominations
  2 phantasmal warriors
  12 wizards
  Pikel (D:7)
  3 necromancers
  9 orc knights
  21 harpies
  3 deep elf pyromancers
  A harpy (shapeshifter) (WizLab)
  5 oklob plants (Lair:4)
  3 orc sorcerers (Orc:2)
  4 orb spiders (shapeshifter) (WizLab)
  36 wolf spiders
  47 ugly things
  A faun (shapeshifter) (WizLab)
  15 orb spiders
  12 fauns
  16 manticores
  5 cyclopes
  3 moths of wrath (Spider:3)
  3 merfolk sirens
  7 black mambas
  11 elephants
  3 naga magi (D:15)
  2 guardian serpents (shapeshifter) (WizLab)
  15 vault sentinels
  An ice statue (IceCv)
  3 molten gargoyles
  An orange demon (Abyss:2)
  8 cane toads
  A torpor snail (Spider:2)
  5 water nymphs
  7 gargoyles
  Maggie (D:7)
  14 komodo dragons
  4 kobold demonologists
  2 cane toads (shapeshifter) (WizLab)
  An efreet (D:13)
  An elf zombie (Vaults:3)
  20 yaktaurs
  An unseen horror (D:13)
  3 freezing wraiths
  6 rime drakes
  13 demonic crawlers
  A tengu conjurer (D:15)
  An entropy weaver simulacrum (IceCv)
  3 very ugly thing simulacra (IceCv)
  An ancient zyme (Abyss:2)
  A queen bee (D:11)
  59 jumping spiders
  2 wind drakes (shapeshifter) (WizLab)
  A meliai (shapeshifter) (WizLab)
  4 polar bears
  8 wind drakes
  5 trolls
  Grinder (D:3)
  29 merfolk
  2 queen bees (shapeshifter) (WizLab)
  14 blink frogs
  4 dream sheep (Shoals:3)
  A jumping spider (shapeshifter) (WizLab)
  13 hornets
  A raiju (Abyss:2)
  A raiju (shapeshifter) (WizLab)
  10 snapping turtles
  Prince Ribbit (D:7)
  A human simulacrum (Vaults:2)
  2 shadows
  2 tarantellas (shapeshifter) (WizLab)
  74 redbacks
  2 spriggans (shapeshifter) (WizLab)
  15 starcursed masses (Abyss:2)
  A yak (shapeshifter) (D:13)
  A ynoxinul (Abyss:2)
  A wyvern (shapeshifter) (WizLab)
  30 yaks
  4 wraiths
  A fire elemental (Orc:2)
  40 tarantellas
  8 water elementals
  A chaos spawn (Abyss:2)
  7 wyverns
  A golden eye (shapeshifter) (WizLab)
  5 basilisks
  A human (shapeshifter) (D:13)
  2 neqoxecs (Abyss:2)
  2 golden eyes (Abyss:2)
  7 vampire mosquitoes
  2 elf skeletons (Vaults:3)
  A steam dragon (D:6)
  Menkaure (D:7)
  A warg (Orc:2)
  17 water moccasins
  Duvessa (D:7)
  5 acid dragons
  A demonic crawler simulacrum (IceCv)
  4 floating eyes (WizLab)
  An ogre skeleton (Vaults:2)
  5 hell hounds (Orc:2)
  23 orc warriors
  A black bear (D:7)
  An ice beast (D:7)
  2 black bears (shapeshifter)
  2 sky beasts
  2 hornet zombies
  2 necrophages
  5 wolves (Lair:3)
  3 boggarts (Vaults:3)
  8 ogres
  6 centaurs
  8 kobold brigands
  10 small abominations
  9 bullfrogs
  2 human skeletons
  5 glowing shapeshifter simulacra (IceCv)
  Blork the orc (D:4)
  Dowan (D:7)
  2 wyvern skeletons (D:7)
  14 killer bees
  2 water moccasin skeletons
  8 wights
  A howler monkey (D:8)
  4 electric eels
  6 lava snakes
  2 centaur zombies
  4 centaur skeletons
  4 hounds
  A bullfrog skeleton (D:7)
  15 jellies (Lair:5)
  11 orc priests
  A gnoll shaman (D:9)
  Crazy Yiuf (D:2)
  An iron imp (Abyss:2)
  2 iguanas (D:6)
  31 orc wizards
  2 killer bee zombies
  A howler monkey zombie (D:9)
  8 adders
  10 gnolls
  6 river rats (Sewer)
  2 shadow imps
  3 white imps
  3 ufetubi
  6 worms
  3 dart slugs
  107 orcs
  7 endoplasms
  2 giant cockroaches
  8 goblins
  8 hobgoblins
  8 jackals
  6 quokkas
  13 ball pythons
  7 bats
  4 frilled lizards
  38 kobolds
  26 rats
  A butterfly (Lair:4)
  A starspawn tentacle (Abyss:2)
  6 tentacles (Shoals:3)
1650 creatures vanquished.

Vanquished Creatures (collateral kills)
  A dancing weapon (D:14)
  25 foxfires
26 creatures vanquished.

Vanquished Creatures (others)
  2 merfolk aquamancers (Shoals:4)
  A bush (Shoals:1)
  5 fire vortices (Vaults:4)
  2524 foxfires
  31 fungi
  297 plants
  A starspawn tentacle (Abyss:2)
  6 tentacles (Shoals:3)
2867 creatures vanquished.

Grand Total: 4543 creatures vanquished

Notes
Turn   | Place    | Note
-------+----------+-------------------------------------------
     0 | D:1      | Froggeryz the Demonspawn Fire Elementalist began the quest
                  | for the Orb.
     0 | D:1      | Reached XP level 1. HP: 13/13 MP: 3/3
   252 | D:1      | Reached skill level 3 in Fire Magic
   593 | D:1      | Gained mutation: You have an unusually large brain. (Int
                  | +2) [demonic ancestry]
   593 | D:1      | Reached XP level 2. HP: 14/19 MP: 0/5
  1211 | D:1      | Reached XP level 3. HP: 24/24 MP: 4/6
  1898 | D:2      | Reached skill level 4 in Fire Magic
  1999 | D:2      | Found a faded altar of an unknown god.
  2945 | D:2      | Found a runed translucent door.
  2946 | D:2      | Noticed Crazy Yiuf
  3063 | D:2      | Gained mutation: You have a pair of small antennae on your
                  | head. [demonic ancestry]
  3063 | D:2      | Reached XP level 4. HP: 30/30 MP: 3/7
  3579 | D:2      | Reached skill level 5 in Fire Magic
  3756 | D:2      | Killed Crazy Yiuf
  3757 | D:2      | Reached XP level 5. HP: 18/35 MP: 8/8
  4149 | D:3      | Noticed Grinder
  4156 | D:3      | Paralysed by Grinder for 4 turns
  4161 | D:3      | Gained mutation: You have large cloven feet. [potion of
                  | mutation]
  4161 | D:3      | Gained mutation: You are somewhat resistant to further
                  | mutation. [potion of mutation]
  4167 | D:3      | Paralysed by Grinder for 4 turns
  4175 | D:3      | Killed Grinder
  4176 | D:3      | Reached skill level 6 in Fire Magic
  4176 | D:3      | Reached XP level 6. HP: 23/41 MP: 5/9
  4466 | D:3      | Found a glowing drain.
  4477 | Sewer    | Entered a sewer
  4650 | Sewer    | Reached skill level 7 in Fire Magic
  4737 | Sewer    | Gained mutation: You have an extremely huge brain. (Int +4)
                  | [demonic ancestry]
  4737 | Sewer    | Reached XP level 7. HP: 18/46 MP: 10/10
  5291 | Sewer    | Reached skill level 8 in Fire Magic
  6048 | D:4      | Noticed Blork the orc
  6053 | D:4      | Killed Blork the orc
  6326 | D:4      | Lost mutation: You have large cloven feet. [potion of
                  | mutation]
  6326 | D:4      | Lost mutation: You are somewhat resistant to further
                  | mutation. [potion of mutation]
  6326 | D:4      | Gained mutation: You are robust. (+10% HP) [potion of
                  | mutation]
  6326 | D:4      | Gained mutation: You are clumsy. (Dex -2) [potion of
                  | mutation]
  6326 | D:4      | Gained mutation: You are resistant to electric shocks.
                  | (rElec) [potion of mutation]
  6351 | D:4      | Found an iron altar of Okawaru.
  6597 | D:4      | Found Poet's Jewellery Emporium.
  7093 | D:4      | Reached skill level 9 in Fire Magic
  7093 | D:4      | Gained mutation: You have an absolutely massive brain. (Int
                  | +6, Wiz) [demonic ancestry]
  7093 | D:4      | Reached XP level 8. HP: 40/57 MP: 11/11
  7293 | D:5      | Entered Level 5 of the Dungeon
  7315 | D:5      | Found a staircase to the Ecumenical Temple.
  7377 | Temple   | Entered the Ecumenical Temple
  7565 | Temple   | Became a worshipper of Vehumet
  8260 | D:5      | Learned a level 4 spell: Sticky Flame
  8639 | D:6      | Reached skill level 10 in Fire Magic
  8827 | D:6      | Reached skill level 1 in Fighting
  9935 | D:7      | Noticed Maggie
  9947 | D:7      | Killed Maggie
 10255 | D:7      | Gained mutation: You sometimes gain a little power by
                  | taking damage. [demonic ancestry]
 10255 | D:7      | Reached XP level 9. HP: 71/71 MP: 12/12
 10363 | D:7      | Noticed Prince Ribbit
 10372 | D:7      | Killed Prince Ribbit
 10537 | D:7      | Noticed Menkaure
 10542 | D:7      | Killed Menkaure
 10543 | D:7      | Reached skill level 5 in Fighting
 10588 | D:7      | Noticed Dowan
 10589 | D:7      | Noticed Duvessa
 10602 | D:7      | Reached * piety under Vehumet
 10602 | D:7      | Offered knowledge of Sandblast by Vehumet.
 10616 | D:7      | Killed Duvessa
 10628 | D:7      | Killed Dowan
 10953 | D:7      | Noticed a two-headed ogre
 10974 | D:7      | Killed a two-headed ogre
 10975 | D:7      | Reached skill level 5 in Conjurations
 11262 | D:7      | Noticed Pikel
 11272 | D:7      | Killed Pikel
 11273 | D:7      | Gained mutation: You have a pair of antennae on your head.
                  | [demonic ancestry]
 11273 | D:7      | Reached XP level 10. HP: 79/88 MP: 13/13
 11837 | D:7      | Offered knowledge of Magic Dart by Vehumet.
 11950 | D:7      | Reached ** piety under Vehumet
 12330 | D:4      | Bought a ring of poison resistance for 220 gold pieces
 13317 | D:8      | Learned a level 5 spell: Fireball
 13363 | D:9      | Offered knowledge of Frozen Ramparts by Vehumet.
 13426 | D:9      | Noticed a two-headed ogre
 13442 | D:9      | Killed a two-headed ogre
 13443 | D:9      | Reached skill level 10 in Fighting
 13535 | D:9      | Reached *** piety under Vehumet
 14054 | D:9      | Noticed a rust devil
 14085 | D:9      | Gained mutation: Spells you cast may paralyse adjacent
                  | enemies. [demonic ancestry]
 14085 | D:9      | Reached XP level 11. HP: 98/99 MP: 10/17
 14100 | D:9      | Learned a level 3 spell: Frozen Ramparts
 14283 | D:9      | Noticed a two-headed ogre
 14299 | D:9      | Killed a two-headed ogre
 14300 | D:9      | Reached skill level 1 in Ice Magic
 14512 | D:9      | Offered knowledge of Dazzling Flash by Vehumet.
 14528 | D:9      | Noticed Erica
 14858 | D:9      | Found Gum Uduf's Antique Armour Shop.
 14895 | D:9      | Killed Erica
 14976 | D:9      | Bought a runed cloak for 217 gold pieces
 15282 | D:10     | Entered Level 10 of the Dungeon
 15824 | D:10     | Reached skill level 5 in Ice Magic
 15835 | D:10     | Found Nexisesk's Needful Niceties.
 16133 | D:10     | Reached skill level 5 in Dodging
 16419 | D:11     | Found Ynyo's Distillery.
 16466 | D:11     | Noticed a two-headed ogre
 16487 | D:11     | Killed a two-headed ogre
 16711 | D:11     | Reached **** piety under Vehumet
 16943 | D:11     | Gained mutation: Spells you cast may paralyse nearby
                  | enemies. [demonic ancestry]
 16943 | D:11     | Reached XP level 12. HP: 97/106 MP: 18/18
 16991 | D:11     | Found a transporter.
 16996 | D:11     | Found a transporter.
 17027 | D:11     | Noticed feta's ghost (journeyman DDNe)
 17083 | D:11     | Found a staircase to the Lair.
 17172 | D:11     | Reached skill level 1 in Short Blades
 17175 | D:11     | Offered knowledge of Ignite Poison by Vehumet.
 17357 | D:11     | Found a staircase to the Orcish Mines.
 17649 | Lair:1   | Entered Level 1 of the Lair of Beasts
 18516 | Lair:1   | Noticed a seven-headed hydra
 18522 | Lair:1   | Killed a seven-headed hydra
 18523 | Lair:1   | Reached skill level 5 in Short Blades
 18807 | Lair:2   | Found a staircase to the Shoals.
 19875 | Lair:3   | Found an ornate altar of the Wu Jian Council.
 19913 | Lair:3   | Noticed a four-headed hydra
 19918 | Lair:3   | Killed a four-headed hydra
 20380 | Lair:3   | Found a hole to the Spider Nest.
 20417 | Lair:4   | Found a frozen archway.
 20426 | IceCv    | Entered an ice cave
 20459 | IceCv    | Reached XP level 13. HP: 113/113 MP: 6/20
 20463 | IceCv    | Reached skill level 11 in Fire Magic
 20605 | IceCv    | Reached skill level 5 in Spellcasting
 20661 | IceCv    | Reached ***** piety under Vehumet
 20674 | IceCv    | Offered knowledge of Olgreb's Toxic Radiance by Vehumet.
 20864 | IceCv    | Got the ring "Upiuxt" {Ice rPois Int-4 Slay+5 SInv}
 20867 | IceCv    | Identified the ring of the Devil {rPois Int+9}
 20976 | IceCv    | Found a viscous altar of Jiyva.
 20976 | IceCv    | Noticed an azure jelly
 20977 | IceCv    | Noticed a quicksilver ooze
 21029 | IceCv    | Killed an azure jelly
 21143 | IceCv    | Killed a quicksilver ooze
 21271 | IceCv    | Noticed an azure jelly
 21280 | IceCv    | Killed an azure jelly
 21347 | IceCv    | Got the ring "Gaclidwi" {Ice Dex+3}
 21351 | IceCv    | Got the ring "Ywaredgh" {Ice Slay+5}
 21494 | Lair:4   | Reached skill level 12 in Fire Magic
 23187 | Lair:5   | Found a staircase to the Slime Pits.
 23234 | Lair:5   | Reached skill level 13 in Fire Magic
 23938 | Lair:6   | Entered Level 6 of the Lair of Beasts
 24255 | Lair:6   | Reached XP level 14. HP: 103/121 MP: 24/24
 24752 | Lair:6   | Reached skill level 14 in Fire Magic
 25271 | Lair:6   | Offered knowledge of Lightning Bolt by Vehumet.
 25295 | Lair:6   | Reached skill level 1 in Shields
 25329 | Lair:6   | Identified the Grimoire of Ashen Cold
 25345 | Lair:6   | Identified the +1 helmet of Duck's Teeth {Harm rCorr SInv}
 26745 | D:12     | Reached skill level 15 in Fire Magic
 27412 | D:13     | Reached skill level 5 in Shields
 28656 | Orc:1    | Entered Level 1 of the Orcish Mines
 29260 | Orc:2    | Entered Level 2 of the Orcish Mines
 29273 | Orc:2    | Gained mutation: You have a pair of large antennae on your
                  | head. (SInv) [demonic ancestry]
 29273 | Orc:2    | Reached XP level 15. HP: 124/124 MP: 25/25
 29403 | Orc:2    | Offered knowledge of Iskenderun's Battlesphere by Vehumet.
 29520 | Orc:2    | Noticed an orc warlord
 29528 | Orc:2    | Killed an orc warlord
 29725 | Orc:2    | Found a burning altar of Makhleb.
 29829 | Orc:2    | Noticed Azrael
 29844 | Orc:2    | Killed Azrael
 30029 | Orc:2    | Found a staircase to the Elven Halls.
 30072 | Orc:2    | Found Qotem's Magic Scroll Boutique.
 30078 | Orc:2    | Bought a scroll of blinking for 90 gold pieces
 30302 | Orc:2    | Found Wumip's Magic Scroll Emporium.
 30311 | Orc:2    | Bought a scroll of blinking for 135 gold pieces
 30410 | Orc:2    | Found Gekh's Antique Armour Shop.
 30411 | Orc:2    | Found Naewont's Antique Weapon Boutique.
 30929 | D:14     | Found a hide-covered altar of Uskayaw.
 31062 | D:14     | Offered knowledge of Conjure Ball Lightning by Vehumet.
 31328 | D:14     | Found a gate to the Vaults.
 31613 | D:15     | Entered Level 15 of the Dungeon
 31794 | D:15     | Learned a level 5 spell: Bolt of Magma
 32322 | D:15     | Found a staircase to the Depths.
 32701 | Shoals:1 | Entered Level 1 of the Shoals
 32798 | Shoals:1 | Learned a level 8 spell: Ignition
 32936 | Shoals:1 | Reached skill level 10 in Conjurations
 33032 | Shoals:1 | Reached skill level 1 in Long Blades
 33628 | Shoals:2 | Reached skill level 1 in Staves
 33648 | Shoals:2 | Noticed Polyphemus
 33650 | Shoals:2 | Found Mithruuck's Jewellery Emporium.
 34017 | Shoals:2 | Reached XP level 16. HP: 134/135 MP: 21/29
 34171 | Shoals:2 | Bought the amulet "Igovoc" {Reflect Regen+ Dex+4 SH+5} for
                  | 681 gold pieces
 34508 | Shoals:2 | Identified the +5 quarterstaff "Atatt" {elec, rElec rC+
                  | Int-2 Dex+5}
 34963 | Shoals:3 | Reached skill level 5 in Staves
 35039 | Shoals:3 | Noticed a kraken
 35050 | Shoals:3 | Killed a kraken
 35368 | Shoals:3 | Noticed a kraken
 35379 | Shoals:3 | Killed a kraken
 35434 | Shoals:3 | Found Aiqaschiu's Alliterative Accessories.
 35442 | Shoals:3 | Bought a scroll of acquirement for 624 gold pieces
 35442 | Shoals:3 | Acquired 1006 gold pieces
 35983 | Shoals:4 | Entered Level 4 of the Shoals
 35995 | Shoals:4 | Reached ****** piety under Vehumet
 36244 | Shoals:4 | Found an ornate altar of the Wu Jian Council.
 36270 | Shoals:4 | Got a barnacled rune of Zot
 36384 | Shoals:4 | Gained mutation: Spells you cast and wands you use may
                  | paralyse nearby enemies. [demonic ancestry]
 36384 | Shoals:4 | Reached XP level 17. HP: 99/146 MP: 28/30
 36570 | Shoals:4 | Reached skill level 10 in Staves
 36690 | Shoals:4 | Offered knowledge of Freezing Cloud by Vehumet.
 37077 | Shoals:4 | Identified the ring "Lesihioz" {rElec rN+++ Dex+6 Slay-5
                  | Stlth-}
 37438 | Shoals:4 | Identified the ring of Lugonu's Condemnation {Fly Str+2}
 37455 | Shoals:4 | Found a shadowy altar of Dithmenos.
 37478 | Shoals:4 | Identified Hifismat's Compendium of Doomed Conjuration
 37711 | Shoals:4 | Upgraded the game from 0.27-a0-1139-g28e009f8a6 to
                  | 0.27-a0-1140-g099f9bb0e8
 37950 | Spider:1 | Entered Level 1 of the Spider Nest
 38366 | Spider:1 | Found a transporter.
 38370 | Spider:1 | Noticed celly00's ghost (journeyman FeEn)
 38540 | Spider:1 | Found a transporter.
 38777 | Spider:1 | Offered knowledge of Eringya's Noxious Bog by Vehumet.
 39645 | Spider:2 | Acquired a scarf of resistance
 40195 | Spider:3 | Noticed Arachne
 40312 | Spider:3 | Killed Arachne
 40600 | Spider:3 | Reached XP level 18. HP: 154/154 MP: 31/31
 40719 | Spider:3 | Offered knowledge of Orb of Destruction by Vehumet.
 40728 | Spider:3 | Learned a level 7 spell: Orb of Destruction
 41341 | Spider:4 | Entered Level 4 of the Spider Nest
 41350 | Spider:4 | Reached skill level 16 in Fire Magic
 41582 | Spider:4 | Noticed Aizul
 41587 | Spider:4 | Killed Aizul
 41591 | Spider:4 | Offered knowledge of Lehudib's Crystal Spear by Vehumet.
 41591 | Spider:4 | Offered knowledge of Fire Storm by Vehumet.
 41591 | Spider:4 | Offered knowledge of Absolute Zero by Vehumet.
 41860 | Spider:4 | Acquired 806 gold pieces
 41863 | Spider:4 | Got a gossamer rune of Zot
 42116 | D:11     | Killed feta's ghost
 42150 | D:11     | Learned a level 9 spell: Fire Storm
 42325 | Vaults:1 | Entered Level 1 of the Vaults
 42516 | Vaults:1 | Identified Jity's Handbook of Flames and Conjuration
 42628 | Vaults:1 | Found a runed translucent gate.
 42629 | Vaults:1 | Found a runed translucent gate.
 42630 | Vaults:1 | Found a runed translucent gate.
 42631 | Vaults:1 | Noticed Plog's ghost (adept DDFi)
 42789 | Vaults:1 | Reached skill level 17 in Fire Magic
 43365 | Vaults:1 | Gained mutation: Your magical and physical power is
                  | slightly enhanced at high health. [demonic ancestry]
 43365 | Vaults:1 | Reached XP level 19. HP: 159/160 MP: 25/32
 43821 | Vaults:1 | Reached skill level 18 in Fire Magic
 46207 | Vaults:3 | Reached skill level 19 in Fire Magic
 46213 | Vaults:3 | Cast into level 2 of the Abyss (a wizard)
 46669 | Vaults:3 | Escaped the Abyss
 46864 | Vaults:3 | Noticed Boris
 46872 | Vaults:3 | Killed Boris
 46873 | Vaults:3 | Gained mutation: Your magical and physical power is
                  | enhanced at high health. [demonic ancestry]
 46873 | Vaults:3 | Reached XP level 20. HP: 168/168 MP: 19/33
 47004 | Vaults:3 | Noticed a golden dragon
 47011 | Vaults:3 | Killed a golden dragon
 47369 | Vaults:3 | Found a staircase to the Crypt.
 47369 | Vaults:3 | Found an ancient bone altar of Kikubaaqudgha.
 47369 | Vaults:3 | Found a basalt altar of Yredelemnul.
 48018 | Vaults:4 | Found a magical portal.
 48037 | WizLab   | Entered Cigotuvi's Fleshworks
 48186 | WizLab   | Gained mutation: Your magical capacity is low. (-10% MP)
                  | [mutagenic glow]
 48199 | WizLab   | Gained mutation: Your magical capacity is very low. (-20%
                  | MP) [mutagenic glow]
 48548 | WizLab   | Reached skill level 20 in Fire Magic
 48812 | WizLab   | Identified the ring "Zeusuan" {rElec rF+ rC- Str+2}
 48882 | WizLab   | Identified the Incunabulum of Moulding
 48889 | WizLab   | Identified the Collected Works on Transmutation
 48891 | WizLab   | Identified Cigotuvi's Papyrus of Doomed Shape Shifting
 49082 | Vaults:4 | Reached skill level 10 in Dodging
 49477 | Vaults:4 | Noticed Xtahua
 49481 | Vaults:4 | Killed Xtahua
 49970 | Vaults:4 | HP: 7/168 [war gargoyle/+3 vorpal great mace[a peacekeeper]
                  | (10)]
 49972 | Vaults:4 | HP: 2/168 [war gargoyle/spray of metal splinters[a
                  | peacekeeper] (33)]
 50193 | Vaults:4 | Noticed Rupert
 50193 | Vaults:4 | Noticed Sojobo
 50218 | Vaults:4 | Reached XP level 21. HP: 174/174 MP: 27/27
 50220 | Vaults:4 | Reached skill level 21 in Fire Magic
 50225 | Vaults:4 | Killed Sojobo
 50239 | Vaults:4 | Killed Rupert
 50603 | Vaults:4 | Acquired 1116 gold pieces
 50881 | Vaults:5 | Entered Level 5 of the Vaults
 50888 | Vaults:5 | Reached skill level 22 in Fire Magic
 51091 | Vaults:5 | Noticed a dread lich
 51099 | Vaults:5 | Killed a dread lich
 51100 | Vaults:5 | Reached XP level 22. HP: 78/181 MP: 28/28
 51268 | Vaults:5 | Identified the +11 trident "Qiqacloocw" {venom, rCorr}
 51271 | Vaults:5 | Reached skill level 23 in Fire Magic
 51294 | Vaults:5 | Annihilated by a phantasmal warrior

Illustrated notes

Levels and vault maps discovered:
D:1:      wheals_arrival_linesprint, layout_basic, minivault_25,
          chequers_serial_rivers_micro_e, minivault_23
D:2:      minmay_razor_zed, layout_basic, ebering_ecumenical_altar_hall,
          uniq_crazy_yiuf_cottage
D:3:      layout_rooms, portal_sewer_entry_b, hangedman_decor_growths,
          uniq_grinder
D:4:      layout_basic, okawaru_trees_2, serial_shops, shop_statue,
          minmay_misc_feat_x, feat_on_display, uniq_blork_the_orc
D:5:      layout_loops_corners, minmay_temple_entry_waves, hex_medium
D:6:      layout_layer_cave, minmay_liquid_box
D:7:      minmay_inner_zag, layout_loops_corners, minmay_quadrilaterals,
          uniq_menkaure, uniq_maggie, uniq_pikel, uniq_duvessa,
          uniq_prince_ribbit1
D:8:      layout_cave_pools
D:9:      layout_roguey, serial_shops, nicolae_shop_trees, uniq_erica
D:10:     cheibrodos_statue_roulette, layout_basic, nicolae_alphabet_shops
D:11:     layout_loops_ring, lair_entry_dummy, david_orc_5,
          gammafunk_ghost_hive, serial_shops, nicolae_shop_waterfront,
          hangedman_decor_lopped
D:12:     layout_basic, grunt_ministairs_15
D:13:     layout_stronghold
D:14:     layout_big_octagon, erik_vaults_1, dancing_weapons_uskayaw
D:15:     grunt_enter_depths_magical_seal, layout_basic
Temple:   roderic_octagonal_lattice_temple
Lair:1:   cheibrodos_lair_river_kwai, layout_hall_layers, st_stairs_13,
          serial_bayou_pond_e, infiniplex_staircase_pool
Lair:2:   layout_roguey, minmay_shoals_entry_lonely_mermaid
Lair:3:   layout_gridlike, dummy_spider_entry, basic_altar, grunt_megastairs_3,
          infiniplex_staircase_pool_2
Lair:4:   layout_gridlike, portal_ice_cave_rime, serial_bayou_pond_e,
          grunt_megastairs_2, minmay_lair_oklob_chamber, lemuel_fruit_fields
Lair:5:   cheibrodos_magma_flow, layout_cave_pods,
          minmay_slime_entry_jelly_boxes
Lair:6:   gammafunk_lair_ancient_temple, layout_gridlike
Shoals:1: argonaut_golden_fleece, layout_shoals
Shoals:2: cheibrodos_shoals_three_sisters, layout_shoals, serial_shops, shop,
          uniq_polyphemus
Shoals:3: layout_shoals, nicolae_alphabet_shops
Shoals:4: shoals_end_grunt_garden, layout_shoals, hangedman_feature_mirror
Spider:1: layout_chambers, nzn_ghost_randoct, einodemon_crawler_minivault
Spider:2: layout_spider_delve, nicolae_spider_orb_run,
          nicolae_spider_cling_halls
Spider:3: layout_spider_delve, nicolae_arachne_temple
Spider:4: grunt_spider_rune_parallel, uniq_aizul
Orc:1:    layout_caves, hangedman_feature_mirror, mines1_david
Orc:2:    grunt_orc_community_town_hall, layout_caves,
          grunt_orc_community_big_house_1, grunt_orc_community_big_house_2,
          grunt_orc_community_house_1, grunt_orc_community_house_1,
          grunt_orc_community_house_1, grunt_orc_community_house_2,
          bloody_makhleb, uniq_azrael
Vaults:1: gammafunk_vaults_ghost_split, nicolae_vaults_big_ls,
          vaults_room_large_hall, v_pattern_3, hangedman_vaults_trim,
          vaults_dpeg_spiral, vaults_standard_mumra_x,
          ontoclasm_vaults_loading_screen, v_misc_26, layout_vaults_chaotic_city
Vaults:2: v_alt_pattern_4, st_diamondy, v_misc_25,
          nicolae_vaults_little_squares_5, vaults_room_semicircle, serial_ice_b,
          nicolae_vaults_rhombus_7, layout_vaults_omnigrid, uniq_margery
Vaults:3: vaults_mumra_lcd, minmay_crypt_entry_necro_gods,
          nicolae_vaults_little_squares_4, st_cross, v_rooms_2,
          grunt_vaults_hallway_long, grunt_vaults_hallway_short,
          nicolae_vaults_theta, v_misc_15, vaults_room_stairs_pillars,
          layout_vaults_omnibox, portal_desolation_entry_ruin, uniq_boris
Vaults:4: ontoclasm_vaults_gateway, v_misc_17, sword_in_stone, v_misc_18,
          hangedman_vaults_stretched_pinwheel,
          nicolae_vaults_network_quinsquares
          [nicolae_vaults_network_quincunx_subvault,
          nicolae_vaults_network_quincunx_subvault,
          nicolae_vaults_network_quincunx_subvault,
          nicolae_vaults_network_quincunx_subvault], hangedman_vaults_trim,
          hangedman_vaults_snaps, v_misc_22, vaults_room_door_hall,
          nicolae_vaults_little_squares_5, hangedman_vaults_trim,
          vaults_room_pools, layout_vaults_omnicross,
          infiniplex_enter_wizlab_glasses, uniq_xtahua
Vaults:5

Skill      XL: |  1  2  3  4  5  6  7  8  9 10 11 12 13 14 15 16 17 18 19 20 21 22 |
---------------+-------------------------------------------------------------------+-----
Fire Magic     | 3 4 5 6 7 9 10 13 15 17 19 20 22 23 | 23.5
Fighting       | 3 8 10 12 | 12.0
Conjurations   | 2 5 6 8 10 12 | 12.0
Spellcasting   | 4 7 9 |  9.0
Dodging        | 2 6 8 10 11 | 11.5
Ice Magic      | 7 |  7.0
Short Blades   | 8 |  8.0
Shields        | 7 8 |  8.5
Long Blades    | 2 |  2.1
Staves         | 1 9 14 | 14.2
Stealth        | |  1.7

Action                   |  1- 3 |  4- 6 |  7- 9 | 10-12 | 13-15 | 16-18 | 19-21 | 22-24 || total
-------------------------+-------+-------+-------+-------+-------+-------+-------+-------++-------
Melee: Unarmed           |    22 |     6 |       |       |       |       |       |       ||    28
       Dagger            |       |       |    33 |    47 |       |       |       |       ||    80
       Short sword       |       |       |     7 |   117 |   249 |       |       |       ||   373
       Kick              |       |       |     2 |       |       |       |       |       ||     2
       Long sword        |       |       |       |       |    91 |       |       |       ||    91
       Staff             |       |       |       |       |     9 |   358 |   277 |       ||   644
 Cast: Foxfire           |    85 |   100 |   214 |   308 |   560 |   215 |       |       ||  1482
       Sticky Flame      |       |       |    27 |    68 |   150 |   111 |    90 |       ||   446
       Frozen Ramparts   |       |       |       |    41 |    59 |    10 |       |       ||   110
       Fireball          |       |       |       |    18 |    91 |    99 |   147 |     2 ||   357
       Ignition          |       |       |       |       |     5 |    99 |    49 |    10 ||   163
       Orb of Destructio |       |       |       |       |       |    19 |    31 |     4 ||    54
       Fire Storm        |       |       |       |       |       |       |     1 |       ||     1
Evoke: Wand              |       |       |       |     7 |     4 |     5 |     3 |       ||    19
       Phantom mirror    |       |       |       |       |     1 |       |       |       ||     1
  Use: Potion            |     1 |     5 |     1 |     3 |     3 |     2 |     9 |     3 ||    27
       Scroll            |       |     2 |    11 |     4 |    11 |     7 |     6 |     2 ||    43
 Stab: Sleeping          |     2 |       |     2 |     6 |     3 |       |       |       ||    13
       Paralysed         |       |       |       |    60 |   150 |   118 |    79 |       ||   407
Armor: Robe              |    41 |     3 |    19 |    55 |   134 |   116 |    23 |     3 ||   394
Dodge: Dodged            |    75 |    19 |    72 |   152 |   301 |   266 |   164 |    18 ||  1067
Block: Other             |       |       |       |    30 |       |       |       |       ||    30
       Buckler           |       |       |       |       |    50 |   246 |   132 |     7 ||   435
       Reflection        |       |       |       |       |       |    10 |    15 |     3 ||    28
       Rpst.: Long sword |       |       |       |       |    13 |       |       |       ||    13

Table legend: (Time is in decaauts)
 A = Elapsed time spent in this place.
 B = Non-inter-level travel time spent in this place.
 C = Inter-level travel time spent in this place.
 D = Time resting spent in this place.
 E = Time spent auto-exploring this place.
 F = Levels seen in this place.
 G = Mean time per level.
                   A        B        C        D        E       F      G
               +--------+--------+--------+--------+--------+-----+--------+
         Total |  51462 |  48839 |   2623 |   7188 |  30911 |  41 | 1255.2 |
       Dungeon |  21445 |  20249 |   1196 |   2369 |  14122 |  15 | 1429.7 |
        Temple |    208 |    192 |     16 |      0 |    185 |   1 |  208.0 |
          Lair |   7733 |   7103 |    630 |    976 |   4884 |   6 | 1288.8 |
        Shoals |   5429 |   5126 |    303 |   1087 |   2819 |   4 | 1357.2 |
   Spider Nest |   3982 |   3775 |    207 |    648 |   2104 |   4 |  995.5 |
  Orcish Mines |   1886 |   1805 |     81 |    141 |   1157 |   2 |  943.0 |
        Vaults |   7470 |   7282 |    188 |   1017 |   4584 |   5 | 1494.0 |
         Abyss |    434 |    434 |      0 |     97 |      0 |   1 |  434.0 |
         Sewer |    880 |    880 |      0 |    188 |    428 |   1 |  880.0 |
      Ice Cave |   1007 |   1007 |      0 |    377 |    305 |   1 | 1007.0 |
        Wizlab |    983 |    983 |      0 |    288 |    322 |   1 |  983.0 |
               +--------+--------+--------+--------+--------+-----+--------+

Top non-repeatable levels by time:
     D:7: 2406 daAuts
Vaults:1: 2324 daAuts
Vaults:4: 2148 daAuts
     D:2: 2071 daAuts
  Lair:6: 1953 daAuts
     D:1: 1860 daAuts
     D:4: 1791 daAuts
     D:6: 1652 daAuts
    D:13: 1599 daAuts
    D:11: 1548 daAuts
Spider:1: 1541 daAuts
Shoals:4: 1501 daAuts
Vaults:2: 1485 daAuts
Shoals:3: 1479 daAuts
Vaults:3: 1450 daAuts
